 Dungeon Crawl Stone Soup version 0.25-a0-292-gaa31f046c4 (webtiles) character file.

Game seed: 14453158769540927471, levelgen mode: deterministic

359 floatRand the Insei (level 6, -2/47 HPs)
             Began as a Demonspawn Monk on Dec 15, 2019.
             Slain by an iguana (8 damage)
             ... on level 4 of the Dungeon.
             The game lasted 00:02:46 (3201 turns).

floatRand the Insei (Demonspawn Monk)               Turns: 3201, Time: 00:02:47

Health: -2/47      AC:  7    Str: 13    XL:     6   Next: 37%
Magic:  6/6        EV: 12    Int: 12    God:
Gold:   215        SH:  3    Dex: 15    Spells: 5/5 levels left

rFire    . . .     SeeInvis .     - Unarmed
rCold    . . .     Gourm    .   h - +0 buckler
rNeg     . . .     Faith    .   a - +0 robe
rPois    .         Spirit   .   (no helmet)
rElec    .         Reflect  .   (no cloak)
rCorr    .         Harm     .   w - +1 pair of gloves {archery}
MR       .....                  (no boots)
Stlth    ++........             (no amulet)
HPRegen  0.15/turn              (no ring)
MPRegen  0.10/turn              (no ring)

@: no status effects
A: slimy green scales 2
a: no special abilities


You were on level 4 of the Dungeon.
You were not hungry.

You visited 1 branch of the dungeon, and saw 4 of its levels.

You collected 215 gold pieces.

Inventory:

Missiles
 f - 8 boomerangs (quivered)
Armour
 a - a +0 robe (worn)
 h - a +0 buckler (worn)
 w - a +1 pair of gloves of archery (worn)
Jewellery
 g - an uncursed ring of fire {unknown}
 o - an uncursed ring of stealth
Wands
 r - a wand of iceblast (10)
 t - a wand of flame (15)
Scrolls
 c - a scroll of amnesia {unknown}
 d - 6 scrolls of identify {unknown}
 e - a scroll of noise {unknown}
 k - a scroll of enchant weapon {unknown}
 m - 2 scrolls of immolation {unknown}
 n - a scroll of fear {unknown}
 q - 2 scrolls of blinking {unknown}
 s - 2 scrolls of teleportation {unknown}
 v - 2 scrolls of remove curse {unknown}
 x - a scroll of magic mapping {unknown}
Potions
 i - a potion of flight {unknown}
 j - a potion of haste {unknown}
 l - 2 potions of degeneration {unknown}
 p - a potion of mutation {unknown}
 u - a potion of brilliance {unknown}
Comestibles
 b - 7 rations
 z - 3 chunks of flesh


   Skills:
 - Level 3.0 Fighting
 - Level 2.6 Dodging
 - Level 1.7 Stealth
 + Level 6.6 Unarmed Combat


You had 5 spell levels left.
You didn't know any spells.
Your spell library contained the following spells:

 Spells                   Type           Power        Failure   Level  Hunger
 Confusing Touch          Hex            #.....       50%         1    ##.....
 Confuse                  Hex            #.......     86%         3    ####...
 Gell's Gravitas          Tloc           #.........   86%         3    ####...
 Petrify                  Tmut/Erth      #.......     99%         4    #####..
 Metabolic Englaciation   Hex/Ice        #.........   100%        5    ######.
 Yara's Violent Unravell  Hex/Tmut       #.........   100%        5    ######.


Dungeon Overview and Level Annotations

Branches:
Dungeon (4/15)
 Temple: D:4-7

Altars:
Kikubaaqudgha
Uskayaw


Innate Abilities, Weirdness & Mutations

You are mostly covered in slimy green scales. (AC +3)


Message History

You closely miss the iguana.
The iguana is severely wounded.
The iguana misses you.
You are too injured to fight recklessly!
Unknown command.
You closely miss the iguana.
The iguana is severely wounded.
The iguana bites you!
* * * LOW HITPOINT WARNING * * *
You are too injured to fight recklessly!
You are too injured to fight recklessly!
You closely miss the iguana.
The iguana is severely wounded.
The iguana bites you.
* * * LOW HITPOINT WARNING * * *
Unknown command.
You barely miss the iguana.
The iguana is severely wounded.
The iguana bites you!
You die...

... ... ##.## #...# .#
#...# #.# #...# .. #.l.#
# #.@.# ######...#######
# . ...............#
#.... ................
........#...............#
#.......#.##........####
......# #...####..# .....
#.(.#((#..## (...
#._.#..#...#


You could see an iguana and 2 dancing weapons.

Vanquished Creatures
  A black bear (D:3)
  An ogre (D:4)
  Terence (D:2)
  A worker ant (D:4)
  5 adders
  2 oozes (D:2)
  2 worms
  A leopard gecko (D:2)
  4 orcs
  8 bats
  2 giant cockroaches
  12 goblins
  11 hobgoblins
  11 jackals
  2 ball pythons
  2 frilled lizards
  7 rats
73 creatures vanquished.

Notes
Turn   | Place    | Note
-------+----------+-------------------------------------------
     0 | D:1      | floatRand the Demonspawn Monk began the quest for the Orb.
     0 | D:1      | Reached XP level 1. HP: 18/18 MP: 1/1
   117 | D:1      | Reached skill level 3 in Unarmed Combat
   164 | D:1      | Gained mutation: You are partially covered in slimy green
                  | scales. (AC +2) [demonic ancestry]
   164 | D:1      | Reached XP level 2. HP: 24/24 MP: 2/2
   629 | D:2      | Reached XP level 3. HP: 28/29 MP: 3/3
   735 | D:2      | Reached skill level 4 in Unarmed Combat
  1297 | D:2      | Gained mutation: You are mostly covered in slimy green
                  | scales. (AC +3) [demonic ancestry]
  1297 | D:2      | Reached XP level 4. HP: 27/35 MP: 4/4
  1405 | D:2      | Noticed Terence
  1406 | D:2      | Found an ancient bone altar of Kikubaaqudgha.
  1429 | D:2      | Killed Terence
  1839 | D:3      | Reached skill level 5 in Unarmed Combat
  2401 | D:3      | Reached XP level 5. HP: 41/41 MP: 5/5
  2559 | D:3      | Noticed a black bear
  2579 | D:3      | Killed a black bear
  2581 | D:3      | Reached skill level 6 in Unarmed Combat
  3097 | D:4      | Reached XP level 6. HP: 42/47 MP: 6/6
  3135 | D:4      | Noticed a +0 hand axe
  3135 | D:4      | Noticed a +0 dagger
  3136 | D:4      | Found a hide-covered altar of Uskayaw.
  3201 | D:4      | Slain by an iguana

Levels and vault maps discovered:
D:1:      dpeg_arrival_rhombi, layout_basic
D:2:      layout_basic, kiku_gazebo_pond_becter, first_ration, uniq_terence
D:3:      layout_basic, small_statue_intersection
D:4:      layout_loops_cross, dancing_weapons_uskayaw, marbit_many_paths,
          item_on_display_a

Skill      XL: |  1  2  3  4  5 |
---------------+----------------+-----
Unarmed Combat | 3 4 5 6 |  6.6
Fighting       | |  3.0
Dodging        | |  2.6
Stealth        | |  1.7

Action                   |  1- 3 |  4- 6 || total
-------------------------+-------+-------++-------
Melee: Unarmed           |   163 |   184 ||   347
  Use: Potion            |       |     1 ||     1
 Stab: Sleeping          |     2 |     4 ||     6
       Distracted        |     1 |       ||     1
  Eat: Chunk             |     1 |     7 ||     8
Armor: Robe              |    44 |    52 ||    96
Dodge: Dodged            |   115 |    91 ||   206
Block: Buckler           |    19 |    23 ||    42

Table legend:
 A = Non-vault XP
 B = Vault XP
 C = Vault XP percentage of total XP
 D = Non-vault monster count
 E = Vault monster count
 F = Vault count percentage of total count
                 A         B        C        D         E       F
            +---------+---------+-------+---------+---------+-------
      Total |     481 |      32 |   6.2 |      72 |       1 |   1.4
            +---------+---------+-------+---------+---------+-------
        D:1 |      38 |       0 |   0.0 |      24 |       0 |   0.0
        D:2 |      79 |      32 |  28.8 |      24 |       1 |   4.0
        D:3 |     201 |       0 |   0.0 |      18 |       0 |   0.0
        D:4 |     163 |       0 |   0.0 |       6 |       0 |   0.0
            +---------+---------+-------+---------+---------+-------
